 Dungeon Crawl Stone Soup version 0.23.2-30-g0e89c35649 (webtiles) character file.

Game seed: 14731842065671977999

21 Qew7 the Ducker (level 2, 0/23 HPs)
             Began as a Minotaur Arcane Marksman on June 24, 2019.
             Slain by a kobold
             ... wielding a +0 whip
              (2 damage)
             ... on level 2 of the Dungeon.
             The game lasted 00:03:54 (959 turns).

Qew7 the Ducker (Minotaur Arcane Marksman)           Turns: 959, Time: 00:03:55

Health: 0/23       AC:  4    Str: 14    XL:     2   Next: 65%
Magic:  2/2        EV: 12    Int: 10    God:
Gold:   37         SH:  0    Dex: 10    Spells: 2/3 levels left

rFire    . . .     SeeInvis .   h - +0 whip
rCold    . . .     Gourm    .   (no shield)
rNeg     . . .     Faith    .   a - +0 robe
rPois    +         Spirit   .   (helmet restricted)
rElec    .         Reflect  .   j - +1 cloak {rPois}
rCorr    .         Harm     .   (no gloves)
MR       .....                  (no boots)
Stlth    +.........             (no amulet)
HPRegen  0.07/turn              (no ring)
MPRegen  0.08/turn              (no ring)

@: about to teleport, flying
A: retaliatory headbutt, horns 2
a: no special abilities


You were on level 2 of the Dungeon.
You were not hungry.

You visited 1 branch of the dungeon, and saw 2 of its levels.

You collected 37 gold pieces.

Inventory:

Hand Weapons
 h - a +0 whip (weapon)
Missiles
 c - 5 javelins (quivered)
 d - 2 throwing nets
 e - 13 sling bullets
Armour
 a - a +0 robe (worn)
 j - a +1 cloak of poison resistance (worn)
Jewellery
 p - an uncursed ring of magical power {unknown}
Scrolls
 i - 2 scrolls of identify
 k - 2 scrolls of remove curse
Potions
 m - a potion of might {unknown}
 n - a potion of degeneration {unknown}
 o - a potion of ambrosia {unknown}
Comestibles
 f - a ration


   Skills:
 + Level 1.2 Fighting
 * Level 0.5 Maces & Flails
 + Level 2.0 Throwing
 + Level 2.5 Dodging
 + Level 0.4 Unarmed Combat
 + Level 1.0 Spellcasting
 + Level 2.4 Hexes


You had 2 spell levels left.
You knew the following spells:

 Your Spells              Type           Power        Failure   Level  Hunger
a - Corona                Hex            #......      13%         1    ##.....

Your spell library contained the following spells:

 Spells                   Type           Power        Failure   Level  Hunger
 Slow                     Hex            #.......     19%         2    ###....
 Inner Flame              Hex/Fire       #.......     54%         3    ####...
 Portal Projectile        Hex/Tloc       #.....       54%         3    ####...
 Cause Fear               Hex            #.........   77%         4    #####..
 Leda's Liquefaction      Hex/Erth       #.........   91%         4    #####..


Dungeon Overview and Level Annotations

Branches:
Dungeon (2/15)

Altars:


Innate Abilities, Weirdness & Mutations

You reflexively headbutt those who attack you in melee.
You have a pair of horns on your head.


Message History

As you read the scroll labeled MERROF BITS, it crumbles to dust.
It is a scroll of identify.
k - 2 scrolls of remove curse The kobold barely misses you.
A gnoll comes into view. It is wielding a +0 flail.
The gnoll closely misses you.
As you read the scroll labeled JAXKIH IQINAAH, it crumbles to dust.
The creatures around you are filled with an inner flame!
It was a scroll of immolation.
The kobold barely misses you. The gnoll closely misses you.
As you read the scroll labeled XIMUAL ROJEO, it crumbles to dust.
You feel strangely unstable.
It was a scroll of teleportation.
The kobold hits you but does no damage. The gnoll barely misses you.
You furiously retaliate!
You headbutt the gnoll, but do no damage.
The gnoll hits you but does no damage.
It was a potion of flight.
You feel very buoyant.
You fly up into the air.
The kobold hits you with a +0 whip.
You die...

# ###.
...#####
.g...#######
#gg........
#<@K.......
#...)).....
#..........
#....[.....
####..##...
.## #. ##


You could see 3 gnolls and a kobold (inner flame).

Vanquished Creatures
  A dart slug (D:1)
  A leopard gecko (D:1)
  2 giant cockroaches (D:1)
  3 goblins (D:1)
  3 hobgoblins (D:1)
  4 frilled lizards (D:1)
  2 kobolds
  2 rats (D:1)
18 creatures vanquished.

Notes
Turn   | Place    | Note
-------+----------+-------------------------------------------
     0 | D:1      | Qew7 the Minotaur Arcane Marksman began the quest for the
                  | Orb.
     0 | D:1      | Reached XP level 1. HP: 16/16 MP: 1/1
   321 | D:1      | Reached XP level 2. HP: 19/23 MP: 2/2
   955 | D:2      | HP: 1/23 [gnoll/+0 spear (4)]
   959 | D:2      | Slain by a kobold

Action                   || total
-------------------------++-------
Melee: Unarmed           ||    20
       Headbutt          ||     9
       Whip              ||    28
  Use: Scroll            ||     3
       Potion            ||     1
Armor: Robe              ||    10
Dodge: Dodged            ||    30
